 Dungeon Crawl Stone Soup version 0.29.0-7-g18a832c13a (webtiles) character file.

Game seed: 17067382274820038713

242 gelatine the Magician (level 5, -4/39 HPs)
             Began as a Palentonga Venom Mage on Aug 31, 2022.
             Killed by miscasting Olgreb's Toxic Radiance (12 damage)
             ... on level 4 of the Dungeon.
             The game lasted 00:09:27 (4609 turns).

gelatine the Magician (Palentonga Venom Mage)       Turns: 4609, Time: 00:09:27

Health: -4/39      AC:  6    Str: 13    XL:     5   Next: 81%
Magic:  0/10       EV: 10    Int: 18    God:
Gold:   223        SH:  0    Dex: 10    Spells: 1/11 levels left

rFire   . . .      SeeInvis +   e - +0 whip
rCold   . . .      Faith    .   (no shield)
rNeg    . . .      Spirit   .   a - +0 robe
rPois   .          Reflect  .   f - +0 helmet
rElec   .          Harm     .   l - +0 cloak
rCorr   .          Rampage  .   (no gloves)
Will    .....                   (no barding)
Stlth   ++........              (no amulet)
HPRegen 0.13/turn               (no ring)
MPRegen 0.12/turn               (no ring)

@: lethally poisoned (-4 -> -13), very slightly contaminated
A: large, rugged brown scales 3, see invisible, deformed body, roll 1, armoured
tail
a: Rolling Charge


You were on level 4 of the Dungeon.
You visited 1 branch of the dungeon, and saw 4 of its levels.

You collected 223 gold pieces.

Inventory:

Hand Weapons
 e - a +0 whip (weapon)
 k - a +0 club
Missiles
 j - a throwing net
Armour
 a - a +0 robe (worn)
 f - a +0 helmet (worn)
 l - a +0 cloak (worn)
Scrolls
 h - a scroll of poison
 i - a scroll of fear
 m - a scroll of teleportation {unknown}
 o - 3 scrolls of immolation
Potions
 b - a potion of magic
 c - 2 potions of brilliance
 d - a potion of resistance
 g - a potion of might {unknown}
 n - 2 potions of curing


   Skills:
 * Level 1.0 Fighting
 + Level 0.3 Maces & Flails
 + Level 1.8 Dodging
 + Level 1.4 Stealth
 + Level 3.6 Spellcasting
 * Level 1.5 Conjurations
 + Level 2.2 Transmutations
 * Level 0.2 Air Magic
 + Level 3.3 Poison Magic


You had one spell level left.
You knew the following spells:

 Your Spells              Type           Power      Damage    Failure   Level
a - Sting                 Tmut/Pois      52%        1d5       4%          1
b - Poisonous Vapours     Pois/Air       18%        N/A       11%         2
c - Mephitic Cloud        Conj/Pois/Air  9%         N/A       22%         3
d - Olgreb's Toxic Radia  Pois           15%        N/A       36%         4

Your spell library contained the following spells:

 Spells                   Type           Power      Damage    Failure   Level


Dungeon Overview and Level Annotations

Branches:
Dungeon (4/15)
 Temple: D:4-7

Altars:
Uskayaw

Shops:
D:1 (


Innate Abilities, Weirdness & Mutations

You are completely covered in rugged brown scales. (AC +3, +7% HP)
You have supernaturally acute eyesight. (SInv)
Armour fits poorly on your strangely shaped body.
You can roll at nearby foes to attack.
You have a long armoured tail.


Message History

Found a scroll labelled UTADERHEXOE.
The gnoll shouts!
A gnoll comes into view. It is wielding a +0 spear of freezing.
The gnoll shouts!
A gnoll comes into view. It is wielding a +0 spear.
There is an open door here.
The sting hits the gnoll.
The gnoll is poisoned.
The gnoll is lightly wounded.
The gnoll shouts!
The sting misses the gnoll.
The gnoll throws a throwing net.
The throwing net hits you.
You become entangled in the net!
The gnoll hits you with a +0 club.
You struggle against the net.
The gnoll hits you from afar with a +0 spear of freezing.
The gnoll freezes you. The gnoll hits you with a +0 club.
You struggle against the net.
The gnoll hits you but does no damage. The gnoll completely misses you.
You are held in a net!
Casting: Sting (safe; 4% risk of failure)
Confirm with . or Enter, or press ? or * to list all spells.
The spell is extremely dangerous to miscast (36% risk of failure)!
Continue anyway?
You miscast Olgreb's Toxic Radiance.
You are very lightly contaminated with residual magic.
You feel odd!
You are poisoned.
You feel sick. The gnoll hits you but does no damage.
The gnoll hits you from afar with a +0 spear of freezing.
The gnoll freezes you. The gnoll hits you with a +0 club.
* * * LOW HITPOINT WARNING * * *
You shred the net and break free!
You feel sick. The gnoll hits you but does no damage.
The gnoll hits you from afar with a +0 spear.
* * * LOW HITPOINT WARNING * * *
The gnoll barely misses you.
Casting: Olgreb's Toxic Radiance (extremely dangerous; 36% risk of failure)
Confirm with . or Enter, or press ? or * to list all spells.
The spell is extremely dangerous to miscast (36% risk of failure)!
Continue anyway?
You miscast Olgreb's Toxic Radiance.
You feel odd!
You are lethally poisoned!
You die...

......#....###
#.....#.......
##.....#.......
#......#.......
#......#.......
######......#.g..#
#...........#.g..#
##.#.##......@g...#
#..##.#.######....#
#..#.##...........?..
####..##.#.......####...
.................# ..
.................# .
..).......########
..........# ..........+


You could see 3 gnolls.

Vanquished Creatures
  A hound (D:4)
  An iguana (D:3)
  Robin (D:3)
  7 adders
  4 worms (D:2)
  4 dart slugs
  6 ball pythons
  5 bats
  4 endoplasms
  3 giant cockroaches (D:1)
  16 goblins
  8 hobgoblins
  4 jackals (D:1)
  3 quokkas
  5 frilled lizards
  13 kobolds
  4 rats
89 creatures vanquished.

Notes
Turn   | Place    | Note
-------+----------+-------------------------------------------
     0 | D:1      | gelatine the Palentonga Venom Mage began the quest for the
                  | Orb.
     0 | D:1      | Reached XP level 1. HP: 13/13 MP: 3/3
    25 | D:1      | Found Ripsusou's Antique Weapon Boutique.
   363 | D:1      | Reached XP level 2. HP: 11/20 MP: 0/5
  1021 | D:1      | Reached XP level 3. HP: 25/25 MP: 3/6
  1024 | D:1      | Learned a level 2 spell: Poisonous Vapours
  1028 | D:1      | Learned a level 3 spell: Mephitic Cloud
  1255 | D:1      | Found a faded altar of an unknown god.
  2173 | D:2      | Reached XP level 4. HP: 32/32 MP: 5/8
  3286 | D:3      | Reached XP level 5. HP: 12/37 MP: 5/10
  3831 | D:3      | Noticed Robin
  3833 | D:3      | Killed Robin
  4344 | D:4      | Reached skill level 1 in Fighting
  4381 | D:4      | Learned a level 4 spell: Olgreb's Toxic Radiance
  4386 | D:4      | Reached skill level 1 in Conjurations
  4458 | D:4      | Found a hide-covered altar of Uskayaw.
  4609 | D:4      | Killed by miscasting Olgreb's Toxic Radiance

Illustrated notes

Levels and vault maps discovered:
D:1:      evilmike_arrival_crescent, layout_basic, serial_shops, shop,
          ebering_ecumenical_altar_mist
D:2:      layout_basic
D:3:      layout_basic, uniq_robin
D:4:      layout_gridville, mainiacjoe_overflow_tiny_flanked,
          minmay_misc_feat_tiny, st_stairs_8, grunt_ministairs_13, uniq_edmund

Skill      XL: |  1  2  3  4  5 |
---------------+----------------+-----
Poison Magic   | 3 |  3.3
Transmutations | 2 |  2.2
Spellcasting   | 3 |  3.6
Fighting       | 1 |  1.0
Conjurations   | 1 |  1.5
Maces & Flails | |  0.3
Dodging        | |  1.8
Stealth        | |  1.4
Air Magic      | |  0.2

Action                   |  1- 3 |  4- 6 || total
-------------------------+-------+-------++-------
Melee: Whip              |    41 |    21 ||    62
       Unarmed           |     5 |       ||     5
       Tailslap          |     3 |     5 ||     8
 Cast: Sting             |    76 |    93 ||   169
       Poisonous Vapours |     2 |     3 ||     5
 Abil: Rolling Charge    |     2 |     2 ||     4
  Use: Scroll            |       |     4 ||     4
       Potion            |       |     3 ||     3
Armor: Robe              |    31 |    20 ||    51
Dodge: Dodged            |    25 |    22 ||    47
